 Dungeon Crawl Stone Soup version 0.29-a0-509-g793eeb5391 (webtiles) character file.

Game seed: 1523702920106922723

214 Morbidden the Gusty (level 5, -2/37 HPs)
             Began as a Demonspawn Air Elementalist on May 29, 2022.
             Slain by a gnoll shaman
             ... wielding a +0 whip
              (8 damage)
             ... on level 4 of the Dungeon.
             The game lasted 00:03:54 (4046 turns).

Morbidden the Gusty (Demonspawn Air Elementalist)   Turns: 4046, Time: 00:03:55

Health: -2/37      AC:  3    Str:  8    XL:     5   Next: 59%
Magic:  0/9        EV: 12    Int: 18    God:
Gold:   136        SH:  0    Dex: 14    Spells: 5/10 levels left

rFire   + . .      SeeInvis +     - Unarmed
rCold   . . .      Faith    .   (no shield)
rNeg    . . .      Spirit   .   a - +0 robe
rPois   .          Reflect  .   (no helmet)
rElec   .          Harm     .   (no cloak)
rCorr   .          Rampage  .   (no gloves)
Will    .....                   e - +0 pair of boots
Stlth   ++........              (no amulet)
HPRegen 0.12/turn               d - ring of see invisible
MPRegen 0.11/turn               g - ring of protection from fire

@: no status effects
A: claws 2
a: no special abilities


You were on level 4 of the Dungeon.
You visited 1 branch of the dungeon, and saw 4 of its levels.

You collected 136 gold pieces.

Inventory:

Armour
 a - a +0 robe (worn)
 e - a +0 pair of boots (worn)
Jewellery
 d - a ring of see invisible (left claw)
 g - a ring of protection from fire (right claw)
Scrolls
 c - 2 scrolls of summoning {unknown}
 i - a scroll of enchant weapon {unknown}
 j - a scroll of teleportation {unknown}
 k - a scroll of brand weapon {unknown}
 m - a scroll of poison {unknown}
Potions
 b - a potion of magic
 f - a potion of mutation {unknown}
 h - a potion of curing {unknown}
 l - a potion of haste {unknown}


   Skills:
 * Level 1.4 Fighting
 * Level 2.2 Dodging
 + Level 1.8 Stealth
 * Level 1.0 Unarmed Combat
 * Level 3.2 Spellcasting
 * Level 2.3 Conjurations
 * Level 0.1 Hexes
 * Level 3.9 Air Magic


You had 5 spell levels left.
You knew the following spells:

 Your Spells              Type           Power      Damage    Failure   Level
a - Shock                 Conj/Air       56%        1d6       4%          1
b - Ensorcelled Hibernat  Hex/Ice        6%         N/A       24%         2
z - Static Discharge      Conj/Air       14%        N/A       7%          2

Your spell library contained the following spells:

 Spells                   Type           Power      Damage    Failure   Level
 Swiftness                Air            17%        N/A       10%         3
 Passwall                 Tmut/Erth      1%         N/A       24%         2
 Airstrike                Air            8%         N/A       30%         4
 Tukima's Dance           Hex            3%         N/A       41%         3
 Portal Projectile        Hex/Tloc       6%         N/A       43%         3
 Blade Hands              Tmut           1%         N/A       99%         5


Dungeon Overview and Level Annotations

Branches:
Dungeon (4/15)
 Temple: D:4-7

Altars:
The Shining One

Annotations:
D:3 1 runed translucent door, Morbidden's ghost, amateur OgTm


Innate Abilities, Weirdness & Mutations

You have very sharp fingernails.


Message History

Press: ? - help, Shift-Dir - straight line The zap misses the gnoll.
The zap hits the gnoll.
The gnoll is moderately wounded.
The zap hits the gnoll shaman.
The gnoll shaman is moderately wounded.
The gnoll hits you with a +0 club! The gnoll closely misses you.
Casting: Shock (safe; 4% risk of failure)
Confirm with . or Enter, or press ? or * to list all spells.
Aiming: Shock (safe; 4% risk of failure)
Press: ? - help, Shift-Dir - straight line The zap hits the gnoll.
The gnoll is heavily wounded.
The zap hits the gnoll shaman.
The gnoll shaman is heavily wounded.
The zap misses the gnoll.
The gnoll closely misses you.
Unknown command.
Unknown command.
You scratch the gnoll.
The gnoll is severely wounded.
The gnoll hits you with a +0 club.
Unknown command.
You scratch the gnoll shaman but do no damage.
The gnoll shaman is heavily wounded.
An orc comes into view. It is wielding a +0 hand axe.
Unknown command.
Unknown command.
The orc shouts!
You scratch the gnoll shaman but do no damage.
The gnoll shaman is heavily wounded.
The gnoll shaman closely misses you.
Unknown command.
You closely miss the gnoll shaman.
The gnoll shaman is heavily wounded.
The gnoll shaman hits you with a +0 whip!
* * * LOW HITPOINT WARNING * * *
Unknown command.
You scratch the gnoll shaman.
The gnoll shaman is severely wounded.
The gnoll shaman hits you with a +0 whip!
You die...

..# #. .. #.######## ..##
#......<.# ##. .o#
#.......[# #.. .)##
##.......# #.# #g.
####.......# #.# #g#
...........# #.# #g#
##.......# ##.# #@##
#.......# #..####..#
#.......# ..#####........##
##....>..#
#.......####....###....#####
###......###.##........#
....#.##.....######....#####
### #.#####.†# #....†...#
.........# ####....###..#
######....###......## #


You could see a gnoll shaman, 2 gnolls and an orc.

Vanquished Creatures
  A hound (D:4)
  Natasha (thrice) (D:2)
  4 adders
  A gnoll (D:4)
  A worm (D:2)
  3 dart slugs
  2 orcs (D:4)
  4 endoplasms
  4 giant cockroaches
  5 goblins
  3 hobgoblins
  3 quokkas
  7 ball pythons
  10 bats
  A frilled lizard (D:1)
  5 kobolds
  3 rats
60 creatures vanquished.

Notes
Turn   | Place    | Note
-------+----------+-------------------------------------------
     0 | D:1      | Morbidden the Demonspawn Air Elementalist began the quest
                  | for the Orb.
     0 | D:1      | Reached XP level 1. HP: 13/13 MP: 3/3
   465 | D:1      | Gained mutation: You have sharp fingernails. [demonic
                  | ancestry]
   465 | D:1      | Reached XP level 2. HP: 19/19 MP: 3/5
   578 | D:1      | Learned a level 2 spell: Static Discharge
  1165 | D:1      | Reached skill level 1 in Fighting
  1382 | D:2      | Gained mutation: You have very sharp fingernails. [demonic
                  | ancestry]
  1382 | D:2      | Reached XP level 3. HP: 24/26 MP: 2/6
  1438 | D:2      | Found a faded altar of an unknown god.
  1711 | D:2      | Noticed Natasha
  1720 | D:2      | Killed Natasha
  1721 | D:2      | Reached XP level 4. HP: 18/32 MP: 1/8
  2032 | D:2      | Noticed Natasha
  2044 | D:2      | Killed Natasha
  2163 | D:2      | Noticed Natasha
  2173 | D:2      | Killed Natasha
  2174 | D:2      | Reached XP level 5. HP: 10/37 MP: 4/9
  3194 | D:3      | Learned a level 2 spell: Ensorcelled Hibernation
  3641 | D:3      | Found a runed translucent door.
  3642 | D:3      | Noticed Morbidden's ghost (amateur OgTm)
  3873 | D:4      | Reached skill level 1 in Unarmed Combat
  4046 | D:4      | Slain by a gnoll shaman

Illustrated notes

Levels and vault maps discovered:
D:1:      doesnt_arrival_eight_statues, layout_rooms, corexii_corridor_pit
D:2:      layout_loops_cross, basic_altar, nicolae_ecumenical_lake_church,
          dk_noncrumbling_4, uniq_natasha
D:3:      layout_loops_ring, gammafunk_ghost_grave
D:4:      layout_rooms, tso_oasis_becter, mainiacjoe_overflow_six_doors_small,
          minmay_ogre_servants

Skill      XL: |  1  2  3  4  5 |
---------------+----------------+-----
Air Magic      | 3 |  3.9
Fighting       | 1 |  1.4
Dodging        | 2 |  2.2
Spellcasting   | 3 |  3.2
Unarmed Combat | 1 |  1.0
Conjurations   | 2 |  2.3
Stealth        | |  1.8
Hexes          | |  0.1

Action                   |  1- 3 |  4- 6 || total
-------------------------+-------+-------++-------
Melee: Unarmed           |    11 |    15 ||    26
       Punch             |       |     1 ||     1
 Cast: Shock             |    59 |    84 ||   143
       Static Discharge  |     2 |       ||     2
       Ensorcelled Hiber |       |     1 ||     1
  Use: Potion            |     1 |       ||     1
 Stab: Sleeping          |       |     1 ||     1
Armor: Robe              |     2 |     7 ||     9
Dodge: Dodged            |    19 |    30 ||    49

Table legend: (Time is in decaauts)
 A = Elapsed time spent in this place.
 B = Non-inter-level travel time spent in this place.
 C = Inter-level travel time spent in this place.
 D = Time resting spent in this place.
 E = Time spent auto-exploring this place.
 F = Levels seen in this place.
 G = Mean time per level.
                   A        B        C        D        E       F      G
               +--------+--------+--------+--------+--------+-----+--------+
         Total |   4052 |   3962 |     90 |    772 |   2820 |   4 | 1013.0 |
       Dungeon |   4052 |   3962 |     90 |    772 |   2820 |   4 | 1013.0 |
               +--------+--------+--------+--------+--------+-----+--------+

Top non-repeatable levels by time:
     D:2: 1802 daAuts
     D:1: 1212 daAuts
     D:3: 842 daAuts
     D:4: 194 daAuts
